 Dungeon Crawl Stone Soup version 0.20-a0-947-g2784f4f (webtiles) character file.

18965 MatthieuS the Severer (level 12, -2/104 HPs)
             Began as a Minotaur Berserker on Apr 2, 2017.
             Was a High Priest of Trog.
             Slain by a spiny frog (11 damage)
             ... on level 2 of the Lair of Beasts.
             The game lasted 00:51:14 (13032 turns).

MatthieuS the Severer (Minotaur Berserker)         Turns: 13032, Time: 00:51:15

Health: -2/104     AC: 16    Str: 24    XL:     12   Next: 32%
Magic:  11/11      EV: 14    Int:  9    God:    Trog [*****.]
Gold:   551        SH:  0    Dex: 14    Spells: 11/11 levels left

rFire    . . .     SeeInvis .   a - +9 mace "Death Rattle" {flame, Int+2 Dex+4}
rCold    + + .     Gourm    .   (no shield)
rNeg     . . .     Faith    .   V - +2 chain mail {rC+}
rPois    +         Spirit   .   (helmet restricted)
rElec    .         Reflect  .   D - +0 cloak {rPois}
rCorr    .         Harm     .   (no gloves)
MR       .....                  G - +0 pair of boots
Stlth    ..........             (no amulet)
Regen    0.3/turn               k - +3 ring of evasion
MPRegen  0.2/turn               F - ring of protection from cold

@: lethally poisoned (-2 -> -9), hasted, very quick
A: retaliatory headbutt, horns 2
a: Berserk, Trog's Hand, Brothers in Arms, Burn Spellbooks, Renounce Religion


You were on level 2 of the Lair of Beasts.
You worshipped Trog.
Trog was extremely pleased with you.
You were not hungry.

You visited 2 branches of the dungeon, and saw 13 of its levels.
You also visited: Labyrinth.

You collected 551 gold pieces.

Inventory:

Hand Weapons
 a - the +9 mace "Death Rattle" (weapon) {flame, Int+2 Dex+4}
   (You found it on level 7 of the Dungeon)

   It has been specially enchanted to burn those struck by it, causing extra
   injury to most foes and up to half again as much damage against particularly
   susceptible opponents.
   It affects your intelligence (+2).
   It affects your dexterity (+4).
 g - the +7 shortbow "Duywagr Kati" {freeze, rElec rN+ MR++ Int-4}
   (You took it off a gnoll on level 10 of the Dungeon)

   It causes projectiles fired from it to freeze those they strike, causing
   extra injury to most foes and up to half again as much damage against
   particularly susceptible opponents.
   They can also slow down cold-blooded creatures.
   It affects your intelligence (-4).
   It insulates you from electricity.
   It protects you from negative energy.
   It affects your resistance to hostile enchantments.
 A - a +2 war axe of draining
Missiles
 b - 4 poisoned javelins (quivered)
 h - 8 silver javelins
 M - 43 arrows
Armour
 z - a +0 cloak of magic resistance
 D - a +0 cloak of poison resistance (worn)
 G - a +0 pair of boots (worn)
 V - a +2 chain mail of cold resistance (worn)
Jewellery
 k - a +3 ring of evasion (left hand)
 o - a +2 ring of evasion
 F - a ring of protection from cold (right hand)
Wands
 f - a wand of paralysis (6/24)
 j - a wand of digging (16/24)
 C - a wand of polymorph (9/24)
 J - a wand of scattershot (3/9)
 K - a wand of iceblast (5/15)
 N - a wand of iceblast (9/15)
Scrolls
 d - a scroll of recharging
 e - 2 scrolls of remove curse
 m - 6 scrolls of identify
 p - 4 scrolls of teleportation
 t - 3 scrolls of fog {unknown}
 u - a scroll of enchant weapon {unknown}
 x - 2 scrolls of magic mapping {unknown}
 y - a scroll of noise {unknown}
 B - a scroll of silence {unknown}
 H - a scroll of brand weapon {unknown}
 L - 2 scrolls of torment {unknown}
 O - 2 scrolls of holy word {unknown}
 T - a scroll of fear {unknown}
Potions
 i - 2 potions of heal wounds {unknown}
 n - 3 potions of brilliance {unknown}
 r - 3 potions of lignification
 s - 6 potions of curing
 v - 2 potions of agility {unknown}
 w - 2 potions of resistance {unknown}
 E - 2 potions of might
Books
 P - a book of the Warp

   Spells                             Type                      Level
   a - Gell's Gravitas                Translocation                3
   b - Portal Projectile              Hexes/Translocation          3
   c - Force Lance                    Conjuration/Translocation    4
   d - Dispersal                      Translocation                6
   e - Controlled Blink               Translocation                8
   f - Disjunction                    Translocation                8
   Trog disapproves of the use of such an item.
 Q - a Necronomicon

   Spells                             Type                      Level
   a - Haunt                          Necromancy/Summoning         7
   b - Borgnjor's Revivification      Necromancy                   8
   c - Death's Door                   Charms/Necromancy            8
   d - Infestation                    Necromancy                   8
   e - Necromutation                  Transmutation/Necromancy     8
   Trog disapproves of the use of such an item.
 R - a book of Transfigurations

   Spells                             Type                      Level
   a - Irradiate                      Conjuration/Transmutation    5
   b - Statue Form                    Transmutation/Earth          6
   c - Hydra Form                     Transmutation                6
   d - Dragon Form                    Transmutation                7
   Trog disapproves of the use of such an item.
Comestibles
 c - 7 bread rations
 l - 6 meat rations
 I - a royal jelly


   Skills:
 + Level 9.2 Fighting
 - Level 18.0(18.5) Axes
 - Level 8.0(14.1) Maces & Flails
 + Level 9.1 Armour
 + Level 5.0 Dodging


You had 11 spell levels left.
You didn't know any spells.

Dungeon Overview and Level Annotations

Branches:
Dungeon (10/15)            Temple (0/1) D:5            Lair (3/6) D:10
 Spider (0/4) Lair:2
  Swamp: Lair:2-4    Shoals: Lair:2-4       Orc: D:9-12

Altars:
Ashenzari
Elyvilon
Fedhas
Makhleb
Nemelex Xobeh
Okawaru
Qazlal
Ru
Trog
Uskayaw
Wu Jian
Zin
The Shining One


Innate Abilities, Weirdness & Mutations

You reflexively headbutt those who attack you in melee.
You have a pair of horns on your head.


Message History

Found a leather armour.
The electric eel shoots out a bolt of lightning at you!
The bolt of electricity hits you! The spiny frog misses you.
The spiny frog stings you!
* * * LOW HITPOINT WARNING * * *
There is a stone staircase leading up, spattered with blood here.
The spiny frog barely misses you. The spiny frog stings you!
* * * LOW HITPOINT WARNING * * *
You are poisoned.
The spiny frog poisons you!
The spiny frog stings you but does no damage.
You climb upwards.
* * * LOW HITPOINT WARNING * * *
You feel sick.
There is a stone staircase leading down here.
Okay, then.
You feel yourself speed up.
* * * LOW HITPOINT WARNING * * *
You feel sick. The spiny frog stings you!
You die...

########.####### ###### ########
##.##.#.#..#.##.###.##.###.##..##
..............(..................
.................................
.................................
...(.............................
................[................
...............F[................
...............F@................
.................................
.....P..##.##.####..........P####
......###.##### ##........### #
......P#### #.........# .....###
##........## ### .....#
#.........###.P .....##
#....^......... ......##
#..............


You could see 2 spiny frogs.

Vanquished Creatures
  A minotaur (Lab)
  A hydra (Lair:2)
  Erica (D:9)
  2 two-headed ogres
  An unseen horror (Lab)
  The ghost of Sergey the Ruffian, a novice TrCK of Xom (D:7)
  Pikel (D:7)
  Maurice (D:8)
  2 spiny frogs (Lair:1)
  A komodo dragon (Lair:1)
  A demonic crawler (Lair:2)
  2 trolls (D:10)
  A hornet (D:3)
  4 hippogriffs
  2 redbacks (Lab)
  2 wyverns
  24 yaks
  7 basilisks (Lab)
  6 hungry ghosts
  Edmund (D:5)
  2 water moccasins
  5 porcupines
  A slave (D:7)
  2 ice beasts
  3 orc warriors
  4 black bears
  5 ogres
  2 wolves (D:10)
  A centaur (D:6)
  4 crocodiles
  13 bullfrogs
  A gnoll sergeant (D:10)
  An earth elemental (Lab)
  A wyvern skeleton (D:7)
  5 scorpions
  3 howler monkeys
  4 electric eels (D:10)
  4 crimson imps
  7 orc priests
  A bullfrog zombie (D:8)
  13 hounds
  A jelly (D:8)
  A gnoll shaman (D:8)
  2 iguanas
  Crazy Yiuf (D:7)
  A bullfrog skeleton (D:8)
  9 orc wizards
  7 worker ants
  A hound zombie (D:7)
  A hound skeleton (D:7)
  8 gnolls
  A howler monkey skeleton (D:4)
  9 adders
  2 shadow imps
  An ooze (D:1)
  An adder skeleton (D:5)
  An adder zombie (D:9)
  2 worms
  A dart slug (D:4)
  8 leopard geckos
  31 orcs
  A ball python (D:5)
  12 bats
  4 giant cockroaches
  6 goblins
  6 hobgoblins
  23 jackals
  4 quokkas
  7 frilled lizards
  2 jackal skeletons (D:4)
  A jackal zombie (D:6)
  8 kobolds
  A leopard gecko skeleton (D:4)
  A quokka skeleton (D:8)
  A quokka zombie (D:5)
  5 rats
315 creatures vanquished.

Vanquished Creatures (others)
  A plant (D:3)
1 creature vanquished.

Grand Total: 316 creatures vanquished

Notes
Turn   | Place    | Note
-------+----------+-------------------------------------------
     0 | D:1      | MatthieuS the Minotaur Berserker began the quest for the Orb.
     0 | D:1      | Reached XP level 1. HP: 19/19 MP: 0/0
    74 | D:1      | Reached skill level 4 in Axes
   124 | D:1      | Reached XP level 2. HP: 22/26 MP: 1/1
   366 | D:1      | Reached skill level 5 in Axes
   559 | D:1      | Reached ** piety under Trog
   559 | D:1      | Reached XP level 3. HP: 30/31 MP: 2/2
   828 | D:2      | Found an iron altar of Okawaru.
  1098 | D:2      | Found a hide-covered altar of Uskayaw.
  1130 | D:2      | Reached XP level 4. HP: 38/39 MP: 3/3
  1138 | D:2      | Found a burning altar of Makhleb.
  1284 | D:2      | Reached skill level 6 in Axes
  1626 | D:3      | Reached *** piety under Trog
  1626 | D:3      | Reached skill level 7 in Axes
  1626 | D:3      | Reached XP level 5. HP: 45/45 MP: 4/4
  1908 | D:3      | Reached skill level 8 in Axes
  1980 | D:3      | Reached XP level 6. HP: 51/51 MP: 5/5
  2009 | D:3      | Found a blossoming altar of Fedhas.
  2315 | D:3      | Noticed a hornet
  2324 | D:3      | Killed a hornet
  2324 | D:3      | Reached skill level 9 in Axes
  2330 | D:3      | HP: 2/51 [adder (3)]
  2335 | D:3      | HP: 1/51 [poisoned by an adder]
  2842 | D:3      | Found a bloodstained altar of Trog.
  2842 | D:3      | Found an ornate altar of the Wu Jian Council.
  2913 | D:4      | Received a gift from Trog
  2913 | D:4      | Reached XP level 7. HP: 54/57 MP: 6/6
  3148 | D:4      | Found a glowing golden altar of the Shining One.
  3732 | D:5      | Entered Level 5 of the Dungeon
  3739 | D:5      | Reached skill level 10 in Axes
  3744 | D:5      | Found a staircase to the Ecumenical Temple.
  3966 | D:5      | Noticed Edmund
  3975 | D:5      | Killed Edmund
  4376 | D:5      | Reached skill level 11 in Axes
  4430 | D:5      | Found a sparkling altar of Nemelex Xobeh.
  4430 | D:5      | Found a white marble altar of Elyvilon.
  4435 | D:5      | Found a shattered altar of Ashenzari.
  4437 | D:5      | Found a stormy altar of Qazlal.
  4439 | D:5      | Found a faded altar of an unknown god.
  4744 | D:6      | Reached XP level 8. HP: 58/64 MP: 7/7
  4880 | D:6      | Reached skill level 12 in Axes
  5502 | D:7      | Reached **** piety under Trog
  5502 | D:7      | Reached skill level 13 in Axes
  5933 | D:7      | Found a glowing silver altar of Zin.
  6084 | D:7      | Noticed a hippogriff
  6092 | D:7      | Killed a hippogriff
  6092 | D:7      | Reached XP level 9. HP: 66/70 MP: 8/8
  6110 | D:7      | Reached skill level 14 in Axes
  6226 | D:7      | Found a runed door.
  6273 | D:7      | Noticed Crazy Yiuf
  6278 | D:7      | Killed Crazy Yiuf
  6295 | D:7      | Got a dazzling mace
  6296 | D:7      | Identified the +9 mace "Death Rattle" {flame, Int+2 Dex+4} (You found it on level 7 of the Dungeon)
  6485 | D:7      | Noticed Pikel
  6497 | D:7      | Killed Pikel
  6558 | D:7      | Noticed Sergey's ghost (novice TrCK)
  6566 | D:7      | Killed Sergey's ghost
  6566 | D:7      | Reached skill level 5 in Fighting
  6566 | D:7      | Reached skill level 5 in Maces & Flails
  6647 | D:8      | Noticed Maurice
  6665 | D:8      | Killed Maurice
  6881 | D:8      | Noticed a two-headed ogre
  6883 | D:8      | Reached XP level 10. HP: 84/84 MP: 9/9
  6889 | D:8      | Killed a two-headed ogre
  7250 | D:8      | Found a sacrificial altar of Ru.
  7404 | D:8      | Reached skill level 15 in Axes
  7862 | D:9      | Noticed Erica
  7880 | D:9      | Killed Erica
  8119 | D:9      | Reached ***** piety under Trog
  8285 | D:10     | Entered Level 10 of the Dungeon
  8285 | D:10     | Noticed a two-headed ogre
  8290 | D:10     | Killed a two-headed ogre
  8290 | D:10     | Reached skill level 16 in Axes
  8366 | D:10     | Got a scorched shortbow
  8477 | D:10     | Identified the +7 shortbow "Duywagr Kati" {freeze, rElec rN+ MR++ Int-4} (You took it off a gnoll on level 10 of the Dungeon)
  8686 | D:10     | Reached XP level 11. HP: 78/94 MP: 10/10
  8762 | D:10     | Received a gift from Trog
  8828 | D:10     | Found a staircase to the Lair.
  9268 | D:10     | Reached skill level 5 in Armour
  9589 | Lair:1   | Entered Level 1 of the Lair of Beasts
  9759 | Lair:1   | Reached skill level 17 in Axes
  9841 | Lair:1   | Found a labyrinth entrance.
  9845 | Lair:1   | Found a white marble altar of Elyvilon.
  9852 | Lab      | Entered a labyrinth
 10071 | Lab      | Killed an unseen horror
 11468 | Lab      | Noticed a minotaur
 11476 | Lab      | Killed a minotaur
 11476 | Lab      | Reached skill level 18 in Axes
 11750 | Lair:1   | Reached XP level 12. HP: 102/102 MP: 11/11
 12404 | Lair:2   | Found a hole to the Spider Nest.
 12686 | Lair:2   | Noticed a five-headed hydra
 12697 | Lair:2   | Killed a five-headed hydra
 12700 | Lair:2   | Reached skill level 5 in Dodging
 13032 | Lair:2   | Slain by a spiny frog

Vault maps used:
D:1:      elethiomel_arrival_infinity_welcomes_careful_drivers
D:2:      nicolae_overflow_crystal_walls, okawaru_trees_2,
          eat_drink_and_be_merry_uskayaw, hangedman_decor_peaks_small,
          minmay_pentomino_w2
D:3:      fedhas_altar_1, amethyst_overflow_temple_binary, first_bread
D:4:      kennysheep_little_box
D:5:      chequers_temple_overflow_minitemple, minmay_temple_entry_overgrown,
          uniq_edmund
D:7:      kennysheep_mini, uniq_pikel, uniq_crazy_yiuf_cottage
D:8:      hangedman_ru_absence, grunt_ogre_cave, minivault_26, uniq_maurice
D:9:      kennysheep_generic_room_4, uniq_erica
D:10:     erik_lair_island, minmay_misc_feat_tiny
Lair:1:   basic_altar, lab_entry_generic, lemuel_old_faithful,
          grunt_megastairs_5
Lair:2:   nicolae_spider_entry_non_spiders
Lab:      lab_statue, nicolae_lab_checkerboard, nicolae_lab_arrow,
          nicolae_lab_lava, labyrinth_skeletal_remains,
          nicolae_lab_flowing_pool, nicolae_lab_grate

Skill      XL: |  1  2  3  4  5  6  7  8  9 10 11 12 |
---------------+-------------------------------------+-----
Axes           | 4 5 7 8 9 11 13 14 16 18 | 18.0
Fighting       | 6 7 8 9 |  9.2
Maces & Flails | 6 8 |  8.0
Armour         | 4 7 9 |  9.1
Dodging        | 5 |  5.0

Action                   |  1- 3 |  4- 6 |  7- 9 | 10-12 || total
-------------------------+-------+-------+-------+-------++-------
Melee: Hand axe          |    84 |       |       |       ||    84
       Headbutt          |    13 |    11 |    38 |    86 ||   148
       War axe           |    11 |    79 |   170 |       ||   260
       Mace              |       |       |    55 |   382 ||   437
Throw: Stone             |       |     3 |       |       ||     3
Invok: Berserk           |       |     2 |     6 |     7 ||    15
       Trog's Hand       |       |     2 |     3 |     8 ||    13
       Burn Spellbooks   |       |       |     4 |     3 ||     7
Evoke: Wand              |       |       |       |     2 ||     2
  Use: Scroll            |     1 |       |     7 |     4 ||    12
       Potion            |       |     2 |       |     1 ||     3
  Eat: Chunk             |     1 |     7 |    12 |    16 ||    36
       Royal jelly       |       |     1 |       |       ||     1
       Meat ration       |       |       |     2 |     2 ||     4
       Fruit             |       |       |       |     6 ||     6
       Bread ration      |       |       |       |     1 ||     1
Armor: Ring mail         |    42 |    15 |    37 |       ||    94
       Animal skin       |     1 |       |       |       ||     1
       Plate armour      |       |       |    32 |   159 ||   191
       Chain mail        |       |       |       |     2 ||     2
Dodge: Dodged            |    43 |    22 |    74 |   127 ||   266
Block: Shield            |    30 |    29 |    66 |    22 ||   147
